 Dungeon Crawl Stone Soup version 0.22.0-49-gab54619 (webtiles) character file.

423 riellis the Slasher (level 6, -3/46 HPs)
             Began as a Barachi Skald on Sept 2, 2018.
             Slain by Menkaure (15 damage)
             ... on level 4 of the Dungeon.
             The game lasted 00:11:04 (5259 turns).

riellis the Slasher (Barachi Skald)                 Turns: 5259, Time: 00:11:04

Health: -3/46      AC:  5    Str: 14    XL:     6   Next: 95%
Magic:  4/9        EV: 12    Int: 13    God:
Gold:   162        SH:  0    Dex: 12    Spells: 4/9 levels left

rFire    . . .     SeeInvis .   a - +0 falchion
rCold    . . .     Gourm    .   (no shield)
rNeg     . . .     Faith    .   s - +0 ring mail
rPois    +         Spirit   .   (no helmet)
rElec    .         Reflect  .   (no cloak)
rCorr    .         Harm     .   (no gloves)
MR       .....                  (no boots)
Stlth    ++........             (no amulet)
HPRegen  0.15/turn              h - ring of stealth
MPRegen  0.11/turn              w - ring of poison resistance

@: shrouded, infused, very slightly contaminated, slow
A: +LOS, swims, slowness 1, strong legs 1
a: Hop


You were on level 4 of the Dungeon.
You were not hungry.

You visited 1 branch of the dungeon, and saw 4 of its levels.

You collected 162 gold pieces.

Inventory:

Hand Weapons
 a - a +0 falchion (weapon)
 b - a +1 hunting sling of flaming
Missiles
 f - 24 bolts
 g - 6 tomahawks (quivered)
 o - 96 stones
 u - 14 sling bullets
Armour
 k - a +0 leather armour
 p - a +0 buckler
 s - a +0 ring mail (worn)
Jewellery
 h - a ring of stealth (left hand)
 w - a ring of poison resistance (right hand)
 y - an uncursed ring of protection from cold
Scrolls
 i - a scroll of blinking {unknown}
 j - 5 scrolls of identify {unknown}
 l - 6 scrolls of teleportation {unknown}
 n - a scroll of enchant weapon {unknown}
 q - a scroll of fear {unknown}
 r - a scroll of fog {unknown}
 t - 2 scrolls of remove curse
Potions
 c - a potion of agility {unknown}
 e - a potion of haste {unknown}
 m - 2 potions of heal wounds
 v - a potion of might {unknown}
 x - a potion of curing {unknown}
Comestibles
 d - 6 rations


   Skills:
 - Level 2.4 Fighting
 * Level 6.2 Long Blades
 - Level 2.0 Armour
 + Level 4.2 Dodging
 - Level 2.1 Spellcasting
 + Level 4.9 Charms


You had 4 spell levels left.
You knew the following spells:

 Your Spells              Type           Power        Failure   Level  Hunger
a - Infusion              Chrm           ##..         7%          1    ##.....
b - Song of Slaying       Chrm           ##......     10%         2    ###....
c - Shroud of Golubria    Chrm/Tloc      #.........   26%         2    ###....

Your spell library contained the following spells:

 Spells                   Type           Power        Failure   Level  Hunger
 Magic Dart               Conj           #...         45%         1    ##.....
 Regeneration             Chrm/Necr      #.........   47%         3    ####...
 Spectral Weapon          Hex/Chrm       #.......     47%         3    ####...
 Blink                    Tloc           N/A          58%         2    ###....
 Call Imp                 Summ           #.......     58%         2    ###....
 Slow                     Hex            #.......     58%         2    ###....
 Conjure Flame            Conj/Fire      #.......     83%         3    ####...
 Mephitic Cloud           Conj/Pois/Air  #.......     83%         3    ####...


Dungeon Overview and Level Annotations

Branches:
Dungeon (4/15)
 Temple: D:4-7

Altars:
Uskayaw

Annotations:
D:4 Menkaure


Innate Abilities, Weirdness & Mutations

Shadows flee at your approach. (+LOS)
You can swim through water.
You cover ground slowly.
You can hop short distances.


Message History

Confirm with . or Enter, or press ? or * to list all spells.
Space distorts slightly along a thin shroud covering your body.
Menkaure calls on the powers of darkness!
Your body is wracked with pain!
Casting: Shroud of Golubria (safe; 26% risk of failure)
Confirm with . or Enter, or press ? or * to list all spells.
You begin infusing your attacks with magical energy.
Menkaure gestures wildly while chanting.
Menkaure seems to speed up.
You are too injured to fight recklessly!
Menkaure calls on the powers of darkness!
Your body is wracked with pain!
* * * LOW HITPOINT WARNING * * *
You hit Menkaure.
Menkaure is lightly damaged.
Menkaure closely misses you.
You barely miss Menkaure.
Menkaure is lightly damaged.
Menkaure hits you!
You die...

###########
..........#
#########.#
#.#########
#.........#
#.#######.#
#.# #.#
#########.#
#.#
......(M@.#
#.#
#######..)#
#.#######
#.###
#........ ..
#.####### .##
#†####### .#
#........ ..
#......## ##
######.<##.##
............#


You could see Menkaure.

Vanquished Creatures
  A phantom (D:4)
  A scorpion (D:2)
  A worker ant (D:4)
  A howler monkey skeleton (D:4)
  A river rat (D:4)
  13 adders
  2 oozes
  An adder skeleton (D:3)
  3 worms
  2 dart slugs
  7 leopard geckos
  3 ball pythons
  6 giant cockroaches
  9 goblins
  12 hobgoblins
  4 jackals (D:3)
  6 kobolds
  14 bats
  6 frilled lizards
  A jackal skeleton (D:4)
  8 rats
102 creatures vanquished.

Vanquished Creatures (others)
  A hobgoblin (D:2)
1 creature vanquished.

Grand Total: 103 creatures vanquished

Notes
Turn   | Place    | Note
-------+----------+-------------------------------------------
     0 | D:1      | riellis the Barachi Skald began the quest for the Orb.
     0 | D:1      | Reached XP level 1. HP: 17/17 MP: 3/3
    58 | D:1      | Reached XP level 2. HP: 19/23 MP: 1/5
   114 | D:1      | Reached skill level 3 in Long Blades
   477 | D:1      | Learned a level 2 spell: Song of Slaying
   480 | D:1      | Learned a level 2 spell: Shroud of Golubria
   687 | D:1      | Reached XP level 3. HP: 28/28 MP: 4/6
  1512 | D:2      | Reached skill level 4 in Long Blades
  1512 | D:2      | Reached XP level 4. HP: 32/34 MP: 7/7
  1718 | D:2      | Reached XP level 5. HP: 39/39 MP: 3/8
  2866 | D:3      | Reached skill level 5 in Long Blades
  3292 | D:3      | Noticed a hand axe
  3329 | D:3      | Found a hide-covered altar of Uskayaw.
  3329 | D:3      | Noticed a dagger
  3572 | D:3      | Reached XP level 6. HP: 46/46 MP: 3/9
  3888 | D:4      | Noticed a phantom
  4173 | D:4      | Killed a phantom
  4405 | D:4      | Reached skill level 6 in Long Blades
  5249 | D:4      | Noticed Menkaure
  5259 | D:4      | Slain by Menkaure

Skill      XL: |  1  2  3  4  5  6 |
---------------+-------------------+-----
Long Blades    | 3 4 5 6 |  6.2
Dodging        | 3 4 |  4.2
Charms         | 4 |  4.9
Armour         | 2 |  2.0
Fighting       | |  2.4
Spellcasting   | |  2.1

Action                   |  1- 3 |  4- 6 || total
-------------------------+-------+-------++-------
Melee: Falchion          |    96 |   162 ||   258
 Fire: Hunting sling     |       |    88 ||    88
 Cast: Infusion          |     9 |    15 ||    24
       Shroud of Golubri |     1 |     9 ||    10
       Song of Slaying   |     1 |     4 ||     5
  Use: Scroll            |     1 |       ||     1
 Stab: Sleeping          |     1 |       ||     1
  Eat: Chunk             |     3 |    11 ||    14
       Ration            |       |     1 ||     1
Armor: Leather armour    |    40 |     9 ||    49
       Ring mail         |       |    42 ||    42
Dodge: Dodged            |    84 |   101 ||   185
       Rpst.: Falchion   |    25 |    26 ||    51
